 Dungeon Crawl Stone Soup version 0.27-a0-1220-g54dba09ff7 (webtiles) character file.

Game seed: 5306128748553590136

23 Acheron the Digger (level 2, -2/16 HPs)
             Began as a Gargoyle Earth Elementalist on June 7, 2021.
             Killed from afar by an orc wizard (6 damage)
             ... with a puff of flame
             ... on level 2 of the Dungeon.
             The game lasted 00:08:01 (1205 turns).

Acheron the Digger (Gargoyle Earth Elementalist)    Turns: 1205, Time: 00:08:02

Health: -2/16      AC:  5    Str: 11    XL:     2   Next: 95%
Magic:  0/5        EV: 11    Int: 15    God:
Gold:   47         SH:  0    Dex: 10    Spells: 2/5 levels left

rFire    . . .     SeeInvis .   e - +0 hand axe
rCold    + . .     Faith    .   (no shield)
rNeg     + . .     Spirit   .   d - +0 leather armour
rPois    ∞         Reflect  .   (no helmet)
rElec    +         Harm     .   (no cloak)
rCorr    .         Rampage  .   (no gloves)
Will     .....                  (no boots)
Stlth    ++........             (no amulet)
HPRegen  0.05/turn              i - ring of protection from cold
MPRegen  0.09/turn              (no ring)

@: no status effects
A: sickness immunity, AC +2, negative energy resistance 1, electricity
resistance, torment resistance 1, petrification resistance
a: no special abilities


You were on level 2 of the Dungeon.
You visited 1 branch of the dungeon, and saw 3 of its levels.

You collected 47 gold pieces.

Inventory:

Hand Weapons
 e - a +0 hand axe (weapon)
   (You found it on level 1 of the Dungeon)
Missiles
 b - 19 stones
 f - 45 sling bullets
Armour
 c - a +0 robe
 d - a +0 leather armour (worn)
   (You found it on level 1 of the Dungeon)
Jewellery
 i - a ring of protection from cold (left hand)
   (You found it on level 1 of the Dungeon)
Scrolls
 a - a scroll of identify {unknown}
 g - a scroll of enchant weapon {unknown}
 h - a scroll of blinking {unknown}
Potions
 j - a potion of brilliance {unknown}


   Skills:
 * Level 0.9 Fighting
 + Level 0.3 Axes
 * Level 0.3 Armour
 * Level 1.8 Dodging
 * Level 2.6 Stealth
 + Level 2.0 Spellcasting
 + Level 1.0 Transmutations
 * Level 3.8 Earth Magic


You had 2 spell levels left.
You knew the following spells:

 Your Spells              Type           Power      Damage    Failure   Level
a - Sandblast             Erth           24%        2d8       6%          1
b - Passwall              Tmut/Erth      6%         N/A       16%         2

Your spell library contained the following spells:

 Spells                   Type           Power      Damage    Failure   Level
 Stone Arrow              Conj/Erth      14%        3d7       38%         3
 Petrify                  Tmut/Erth      8%         N/A       71%         4
 Lee's Rapid Deconstruct  Erth           6%         3d7*      86%         5


Dungeon Overview and Level Annotations

Branches:
Dungeon (3/15)

Altars:

Annotations:
D:1 exclusion: downstairs


Innate Abilities, Weirdness & Mutations

You are immune to sickness and miasma.
Your stone body is resilient. (AC +2)
You are immune to poison.
You resist negative energy. (rN+)
You are resistant to electric shocks. (rElec)
You are resistant to unholy torment.
You are immune to petrification.


Message History

Aim: an adder (66% to hit)
The blast of sand hits the adder!
Aim: an adder (almost dead, 66% to hit)
The blast of sand hits the adder.
You kill the adder!
Your Transmutations skill increases to level 1!
You start resting.
Okay, then.
Unknown command.
Okay, then.
Okay, then.
Memorise Passwall, consuming 2 spell levels and leaving 2?
You start memorising the spell.
You continue memorising. x2
You finish memorising.
Spell assigned to 'b'.
Okay, then.
You don't know that spell.
Found a stone staircase leading down.
Found a club.
There is a stone staircase leading down here.
You climb downwards.
An orc and 2 orc wizards come into view.
The orc wizard shouts!
The orc shouts!
Found 15 gold pieces and a scroll labelled NYTIALICUQ.
There is a stone staircase leading up here.
The orc wizard casts a spell at you. The puff of flame hits you!
Ouch! That really hurt!
* * * LOW HITPOINT WARNING * * *
You climb upwards.
There is a stone staircase leading down here.
Aim: an orc wizard, wielding a +0 dagger and wearing a +0 robe (74% to hit)
The blast of sand misses the orc wizard.
The orc wizard gestures wildly while chanting.
The orc wizard flickers and vanishes!
Deactivating autopickup; reactivate with Ctrl-A.
You can't see any susceptible monsters within range! (Use Z to cast anyway.)
The blast of sand hits something but does no damage.
Something hits you.
* * * LOW HITPOINT WARNING * * *
You don't know that spell.
You don't know that spell.
You don't know that spell.
Unknown command.
The blast of sand hits something!
Something completely misses you. Something hits you.
* * * LOW HITPOINT WARNING * * *
You hear some strange, mumbled words.
A puff of flame appears from out of thin air!
The puff of flame hits you.
You die...

#.##.#
#..#.#
######.#.#
#........#
#........#
#........#
#######..#
#..#######
#.@{.)....
##########


There were no monsters in sight!

Vanquished Creatures
  An adder (D:2)
  An endoplasm (D:1)
  2 giant cockroaches (D:1)
  A goblin (D:1)
  2 hobgoblins (D:1)
  4 ball pythons (D:1)
  A frilled lizard (D:1)
  A rat (D:1)
13 creatures vanquished.

Notes
Turn   | Place    | Note
-------+----------+-------------------------------------------
     0 | D:1      | Acheron the Gargoyle Earth Elementalist began the quest for
                  | the Orb.
     0 | D:1      | Reached XP level 1. HP: 10/10 MP: 3/3
   448 | D:1      | Reached XP level 2. HP: 15/16 MP: 5/5
   910 | D:1      | Found a faded altar of an unknown god.
  1148 | D:2      | Reached skill level 1 in Transmutations
  1173 | D:2      | Learned a level 2 spell: Passwall
  1205 | D:2      | Killed from afar by an orc wizard

Illustrated notes

Levels and vault maps discovered:
D:1:      elethiomel_arrival_maze, layout_basic,
          chequers_ecumenical_altar_twisty
D:2:      layout_basic, minmay_misc_feat_hallway
D:3:      layout_rooms, minmay_fountain_box, st_stairs_9, minmay_starry_boxes

Skill      XL: |  1  2 |
---------------+-------+-----
Transmutations | 1 |  1.0
Fighting       | |  0.9
Axes           | |  0.3
Armour         | |  0.3
Dodging        | |  1.8
Stealth        | |  2.6
Spellcasting   | |  2.0
Earth Magic    | |  3.8

Action                   || total
-------------------------++-------
Melee: Hand axe          ||    37
 Cast: Sandblast         ||    11
 Stab: Sleeping          ||     1
Armor: Leather armour    ||     9
       Robe              ||     1
Dodge: Dodged            ||    31

Table legend: (Time is in decaauts)
 A = Elapsed time spent in this place.
 B = Non-inter-level travel time spent in this place.
 C = Inter-level travel time spent in this place.
 D = Time resting spent in this place.
 E = Time spent auto-exploring this place.
 F = Levels seen in this place.
 G = Mean time per level.
                   A        B        C        D        E       F      G
               +--------+--------+--------+--------+--------+-----+--------+
         Total |   1216 |   1161 |     55 |    309 |    548 |   3 |  405.3 |
       Dungeon |   1216 |   1161 |     55 |    309 |    548 |   3 |  405.3 |
               +--------+--------+--------+--------+--------+-----+--------+

Top non-repeatable levels by time:
     D:1: 1136 daAuts
     D:2: 79 daAuts
     D:3: 1 daAuts
